 Dungeon Crawl Stone Soup version 0.31-a0-844-gdc52ec4e09 (webtiles) character file.

Game seed: 9704037482097626476

93 randomguy2701 the Blocker (level 4, -1/34 HPs)
             Began as a Gnoll Wanderer on Sept 29, 2023.
             Was an Initiate of Ashenzari.
             Killed by divine providence
             ... invoked by an orc priest
              (17 damage)
             ... on level 3 of the Dungeon.
             The game lasted 00:02:31 (2448 turns).

randomguy2701 the Blocker (Gnoll Wanderer)          Turns: 2448, Time: 00:02:31

Health: -1/34      AC: 13    Str: 11    XL:     4   Next: 62%
Magic:  8/8        EV: 10    Int: 12    God:    Ashenzari [......]
Gold:   184        SH:  6    Dex: 13    Spells: 8/9 levels left

rFire   . . .        a - +0 dagger
rCold   . . .        d - +0 buckler {AC+3}
rNeg    . . .        b - +0 ring mail of Ashenzari's Stars {Alch, Fort} (curse)
rPois   .            (no helmet)
rElec   .            (no cloak)
rCorr   .            (no gloves)
SInv    .            (no boots)
Will    .....        (no amulet)
Stlth   +            i - +4 ring of protection
HPRegen 0.25/turn    (no ring)
MPRegen 0.11/turn

%: no passive effects
@: no status effects
A: fangs 1, strong nose, distributed training
a: Renounce Religion, Shatter the Chains


You were on level 3 of the Dungeon.
You worshipped Ashenzari.
Ashenzari was noncommittal.
You visited 1 branch of the dungeon, and saw 3 of its levels.

You collected 184 gold pieces.

Inventory:

Hand Weapons
 a - a +0 dagger (weapon)
Armour
 b - the cursed +0 ring mail of Ashenzari's Stars (worn) {Alch, Fort}

   It has a curse which improves the following skills: Alchemy: Poison Magic and
   Transmutations.
   Fortitude: Armour and Shields.
 d - a +0 buckler of protection (worn)
Jewellery
 i - a +4 ring of protection (left hand)
 m - an amulet of the acrobat
Wands
 h - a wand of paralysis (11)
Scrolls
 g - a scroll of fear {unknown}
 j - a scroll of blinking {unknown}
 o - a scroll of identify {unknown}
 p - a scroll of brand weapon {unknown}
 q - a scroll of enchant armour {unknown}
Potions
 c - a potion of lignification
 e - a potion of might {unknown}
 f - 2 potions of heal wounds {unknown}
 k - a potion of attraction {unknown}
 l - 2 potions of curing {unknown}
 n - a potion of enlightenment {unknown}


   Skills:
 + Level 2.8 Fighting
 + Level 1.2 Short Blades
 + Level 1.2 Long Blades
 + Level 1.2 Axes
 + Level 1.2 Maces & Flails
 + Level 1.2 Polearms
 + Level 1.2 Staves
 + Level 1.2 Ranged Weapons
 + Level 1.2 Throwing
 + Level 4.7(5.1) Armour
 + Level 1.2 Dodging
 + Level 1.2 Stealth
 + Level 8.6(9.0) Shields
 + Level 1.2 Unarmed Combat
 + Level 3.0 Spellcasting
 + Level 1.0 Conjurations
 + Level 1.0 Hexes
 + Level 1.0 Summonings
 + Level 1.0 Necromancy
 + Level 1.0 Translocations
 + Level 2.3(2.6) Transmutations
 + Level 1.0 Fire Magic
 + Level 1.0 Ice Magic
 + Level 1.0 Air Magic
 + Level 1.0 Earth Magic
 + Level 1.0(1.2) Poison Magic
 + Level 2.9 Invocations
 + Level 1.2 Evocations
 + Level 1.1 Shapeshifting


You had 8 spell levels left.
You knew the following spells:

 Your Spells              Type           Power      Damage    Failure   Level
a - Sting                 Tmut/Pois      24%        1d4       32%         1

Your spell library contained the following spells:

 Spells                   Type           Power      Damage    Failure   Level
 Ignite Poison            Fire/Tmut/Pois 5%         N/A       73%         3


Dungeon Overview and Level Annotations

Branches:
Dungeon (3/15)

Altars:
Ashenzari

Shops:
D:1 [


Innate Abilities, Weirdness & Mutations

You have very sharp teeth.
Your uncanny sense of smell can sniff out nearby items.
Your experience applies equally to all skills.


Message History

You are too injured to fight recklessly!
You are too injured to fight recklessly!
You are too injured to fight recklessly!
You are too injured to fight recklessly!
You are too injured to fight recklessly!
You are too injured to fight recklessly!
You are too injured to fight recklessly!
Unknown command.
You are too injured to fight recklessly!
Unknown command.
You closely miss the orc priest.
The orc priest is severely wounded.
The orc priest barely misses you. The orc hits you but does no damage.
You closely miss the orc priest.
You bite the orc priest, but do no damage.
The orc priest is severely wounded.
The orc priest barely misses you. The orc barely misses you.
You hit the orc priest but do no damage.
The orc priest is severely wounded.
The orc priest hits you with a +0 dagger.
The orc barely misses you.
You closely miss the orc priest.
The orc priest is severely wounded.
You block the orc's attack.
The orc priest hits you but does no damage.
You hit the orc priest but do no damage.
The orc priest is severely wounded.
You barely miss the orc priest.
The orc priest is severely wounded.
The orc barely misses you. You block the orc priest's attack.
You barely miss the orc priest.
The orc priest is severely wounded.
The orc priest looks braver for a moment.
The orc hits you but does no damage.
You barely miss the orc priest.
The orc priest is severely wounded.
The orc priest invokes the aid of Beogh against you.
Beogh smites you!
Ouch! That really hurt!
You die...

^............
.###########.... ##>..
........... #$... .....#.....
#..[ .....<..... #..# #
#######.... #o.#.#
........†.. #oo..#
######.†.<. #@# ∆ #....## #.#
#..#..) ############.##.#
#..#### #...............#
#..# ##.########.##### #..#
#.# #... ....
##.##########################
#....()......................
#############################


You could see an orc priest and 2 orcs.

Vanquished Creatures
  Ijyb (D:2)
  An adder (D:3)
  A dart slug (D:2)
  3 endoplasms
  A giant cockroach (D:1)
  10 goblins
  8 hobgoblins
  4 jackals (D:1)
  2 quokkas (D:1)
  9 ball pythons
  2 bats
  3 frilled lizards
  3 kobolds
  2 rats
50 creatures vanquished.

Notes
Turn   | Place    | Note
-------+----------+-------------------------------------------
     0 | D:1      | randomguy2701 the Gnoll Wanderer began the quest for the
                  | Orb.
     0 | D:1      | randomguy2701 set off with the following items: a +0
                  | dagger, a +0 ring mail, a potion of lignification, a +0
                  | buckler of protection; and the following spell memorised:
                  | Sting; and the following spells available to memorise:
                  | Ignite Poison.
     0 | D:1      | Reached XP level 1. HP: 17/17 MP: 4/4
   223 | D:1      | Reached XP level 2. HP: 22/23 MP: 5/5
   590 | D:1      | Found Yjuommol's Antique Armour Shoppe.
   983 | D:1      | Reached XP level 3. HP: 28/28 MP: 7/7
  1021 | D:1      | Found a faded altar of an unknown god.
  1280 | D:2      | Noticed Ijyb
  1320 | D:2      | Paralysed by Ijyb for 2 turns
  1329 | D:2      | Paralysed by Ijyb for 5 turns
  1345 | D:2      | Paralysed by Ijyb for 3 turns
  1357 | D:2      | Paralysed by Ijyb for 2 turns
  1364 | D:2      | Paralysed by Ijyb for 5 turns
  1386 | D:2      | Killed Ijyb
  1387 | D:2      | Reached skill level 1 in Short Blades
  1387 | D:2      | Reached skill level 1 in Long Blades
  1387 | D:2      | Reached skill level 1 in Axes
  1387 | D:2      | Reached skill level 1 in Maces & Flails
  1387 | D:2      | Reached skill level 1 in Polearms
  1387 | D:2      | Reached skill level 1 in Staves
  1387 | D:2      | Reached skill level 1 in Ranged Weapons
  1387 | D:2      | Reached skill level 1 in Throwing
  1387 | D:2      | Reached skill level 1 in Dodging
  1387 | D:2      | Reached skill level 1 in Stealth
  1387 | D:2      | Reached skill level 1 in Unarmed Combat
  1387 | D:2      | Reached skill level 1 in Evocations
  1387 | D:2      | Reached XP level 4. HP: 10/34 MP: 8/8
  1405 | D:2      | Reached skill level 1 in Shapeshifting
  1640 | D:2      | Found a broken altar of Ashenzari.
  1738 | D:2      | Became a worshipper of Ashenzari the Shackled
  2069 | D:3      | Reached skill level 1 in Conjurations
  2069 | D:3      | Reached skill level 1 in Hexes
  2069 | D:3      | Reached skill level 1 in Summonings
  2069 | D:3      | Reached skill level 1 in Necromancy
  2069 | D:3      | Reached skill level 1 in Translocations
  2069 | D:3      | Reached skill level 1 in Fire Magic
  2069 | D:3      | Reached skill level 1 in Ice Magic
  2069 | D:3      | Reached skill level 1 in Air Magic
  2069 | D:3      | Reached skill level 1 in Earth Magic
  2069 | D:3      | Reached skill level 1 in Poison Magic
  2448 | D:3      | Killed from afar by an orc priest

Illustrated notes

Levels and vault maps discovered:
D:1:      tarquinn_simple_flora_water_f, layout_loops_corners,
          dreamdust_ecumenical_altar_hidden_monk_grotto, serial_shops,
          nicolae_shop_tiny_glass, chequers_serial_rivers_small_a,
          serial_bayou_pond_d, minivault_24
D:2:      kennysheep_the_goblin_king, layout_basic, basic_altar
D:3:      layout_basic

Skill      XL: |  1  2  3  4 |
---------------+-------------+-----
Transmutations | 2 |  2.3
Short Blades   | 1 |  1.2
Long Blades    | 1 |  1.2
Axes           | 1 |  1.2
Maces & Flails | 1 |  1.2
Polearms       | 1 |  1.2
Staves         | 1 |  1.2
Ranged Weapons | 1 |  1.2
Throwing       | 1 |  1.2
Dodging        | 1 |  1.2
Stealth        | 1 |  1.2
Unarmed Combat | 1 |  1.2
Evocations     | 1 |  1.2
Shapeshifting  | 1 |  1.1
Spellcasting   | 3 |  3.0
Conjurations   | 1 |  1.0
Hexes          | 1 |  1.0
Summonings     | 1 |  1.0
Necromancy     | 1 |  1.0
Translocations | 1 |  1.0
Fire Magic     | 1 |  1.0
Ice Magic      | 1 |  1.0
Air Magic      | 1 |  1.0
Earth Magic    | 1 |  1.0
Poison Magic   | 1 |  1.0
Fighting       | |  2.8
Armour         | |  4.7
Shields        | |  8.6
Invocations    | |  2.9

Action                     |  1- 3 |  4- 6 || total
---------------------------+-------+-------++-------
  Melee: Dagger            |   178 |   140 ||   318
         Bite              |    22 |    17 ||    39
 Invoke: Curse Item        |       |     1 ||     1
 Armour: Ring mail         |   138 |    74 ||   212
  Dodge: Dodged            |    75 |    47 ||   122
  Block: Buckler           |    54 |    42 ||    96

Table legend: (Time is in decaauts)
 A = Elapsed time spent in this place.
 B = Non-inter-level travel time spent in this place.
 C = Inter-level travel time spent in this place.
 D = Time resting spent in this place.
 E = Time spent auto-exploring this place.
 F = Levels seen in this place.
 G = Mean time per level.
                   A        B        C        D        E       F      G
               +--------+--------+--------+--------+--------+-----+--------+
         Total |   2450 |   2394 |     56 |      0 |   1883 |   3 |  816.7 |
       Dungeon |   2450 |   2394 |     56 |      0 |   1883 |   3 |  816.7 |
               +--------+--------+--------+--------+--------+-----+--------+

Top non-repeatable levels by time:
     D:1: 1238 daAuts
     D:2: 732 daAuts
     D:3: 479 daAuts
